 Dungeon Crawl Stone Soup version 0.24-a0-70-gf44d0c5 (webtiles) character file.

Game seed: 18233267118694377230

677177 Inarius the Executioner (level 27, -10/233 HPs)
             Began as a Mummy Monk on Feb 4, 2019.
             Was an Initiate of Gozag.
             Mangled by a golden dragon (28 damage)
             ... on level 1 of the Realm of Zot on Feb 6, 2019.
             The game lasted 03:37:11 (94512 turns).

Inarius the Executioner (Mummy Monk)               Turns: 94512, Time: 03:37:12

Health: -10/233    AC: 46    Str: 33    XL:     27
Magic:  27/27      EV:  7    Int: 14    God:    Gozag
Gold:   12391      SH: 25    Dex: 18    Spells: 27/28 levels left

rFire    + + +     SeeInvis +   B - +5 broad axe (elec)
rCold    + + .     Gourm    .   E - +0 large shield {AC+3}
rNeg     + + +     Faith    .   R - +9 scales of the Dragon King {rPois rF+ rC+ MR+}
rPois    ∞         Spirit   .   W - +3 crown of Dyrovepreva {rElec Int+2 SInv}
rElec    +         Reflect  .   Z - +2 cloak
rCorr    +         Harm     .   A - +2 pair of gloves {Dex+3}
MR       ++++.                  Y - +2 pair of boots {run}
Stlth    ..........             P - amulet of Entrepreneurial Spirit {RegenMP rF+++}
HPRegen  0.48/turn              N - ring of the Cricket {Str+9 Stlth-}
MPRegen  0.45/turn              w - ring of resist corrosion

@: about to teleport, gold aura, quick
A: no food or potions, fire vulnerability, cold resistance 1, negative energy
resistance 3, torment resistance, unbreathing, in touch with death 2
}: 4/15 runes: serpentine, barnacled, slimy, silver
a: Potion Petition, Call Merchant, Bribe Branch, Renounce Religion


You were on level 1 of the Realm of Zot.
You worshipped Gozag.
Gozag was extremely pleased with you.
You were not hungry.

You visited 12 branches of the dungeon, and saw 54 of its levels.
You also visited: Trove and Wizlab.

You collected 35369 gold pieces.
You spent 17428 gold pieces at shops.
You paid 5550 gold pieces to Gozag.

Inventory:

Hand Weapons
 a - a +4 broad axe of flaming
 b - a +3 antimagic broad axe
 B - a +5 broad axe of electrocution (weapon)
Armour
 A - a +2 pair of gloves of dexterity (worn)
 E - a +0 large shield of protection (worn)
 H - the +2 cloak of a sewer {rF- rC++ rN+ Slay+2}
   (You bought it in a shop on level 2 of the Orcish Mines)

   It affects your accuracy and damage with ranged weapons and melee attacks
   (+2).
   It makes you vulnerable to fire.
   It greatly protects you from cold.
   It protects you from negative energy.
 R - the +9 scales of the Dragon King (worn) {rPois rF+ rC+ MR+}
   (You bought it in a shop on level 2 of the Orcish Mines)

   It protects you from fire.
   It protects you from cold.
   It protects you from poison.
   It affects your resistance to hostile enchantments.
 W - the +3 crown of Dyrovepreva (worn) {rElec Int+2 SInv}
   (You bought it in a shop on level 1 of the Snake Pit)

   It affects your intelligence (+2).
   It insulates you from electricity.
   It lets you see invisible.
 Y - a +2 pair of boots of running (worn)
 Z - a +2 cloak (worn)
Jewellery
 f - a +6 ring of strength
 g - an uncursed amulet of guardian spirit
 j - the ring "Maut" {rF+ rN+ Dex+3}
   (You found it on level 3 of the Crypt)

   [ring of positive energy]

   It affects your dexterity (+3).
   It protects you from fire.
   It protects you from negative energy.
 o - an uncursed ring of protection from magic
 q - a ring "Vibocof" {rPois rC+ Int+2 Slay+3}
   (You found it on level 14 of the Dungeon)

   [ring of slaying]

   It affects your intelligence (+2).
   It affects your accuracy and damage with ranged weapons and melee attacks
   (+3).
   It protects you from cold.
   It protects you from poison.
 s - a +5 ring of evasion
 w - a ring of resist corrosion (right hand)
 I - the amulet "Damp" {Regen+ Str-2 Int+2 Dex+3 Slay+3}
   (You found it on level 3 of the Crypt)

   [amulet of regeneration]

   It affects your strength (-2).
   It affects your intelligence (+2).
   It affects your dexterity (+3).
   It affects your accuracy and damage with ranged weapons and melee attacks
   (+3).
   It increases your rate of regeneration.
 N - the ring of the Cricket (left hand) {Str+9 Stlth-}
   (You took it off a kobold on level 12 of the Dungeon)

   [ring of attention]

   It affects your strength (+9).
   It makes you less stealthy.
 P - the amulet of Entrepreneurial Spirit (around neck) {RegenMP rF+++}
   (You took it off a vampire mage on level 1 of the Crypt)

   [amulet of magic regeneration]

   It increases your magic regeneration.
   It renders you almost immune to fire.
 T - an uncursed ring of protection from magic
Wands
 n - a wand of paralysis (59)
 r - a wand of polymorph (25)
 t - a wand of digging (6)
 v - a wand of clouds (2)
 x - a wand of flame (24)
 M - a wand of acid (25)
 O - a wand of random effects (33)
 Q - a wand of iceblast (28)
 S - a wand of disintegration (12)
 X - a wand of scattershot (5)
Scrolls
 c - 19 scrolls of identify
 d - 12 scrolls of enchant armour
 e - 15 scrolls of teleportation
 h - 17 scrolls of amnesia
 i - 3 scrolls of fog
 k - 26 scrolls of remove curse
 l - 7 scrolls of blinking
 p - 11 scrolls of immolation
 u - 4 scrolls of magic mapping
 z - 6 scrolls of vulnerability
 C - 5 scrolls of silence
 D - 8 scrolls of fear
 F - 2 scrolls of torment
 L - 2 scrolls of brand weapon
 V - 4 scrolls of summoning
Miscellaneous
 m - a lamp of fire
 y - 2 phantom mirrors
 J - 4 sacks of spiders
 K - a lightning rod (4/4)
 U - 5 boxes of beasts


   Skills:
 + Level 22.8 Fighting
 * Level 25.6 Axes
   Level 1.3(17.8) Maces & Flails
 + Level 15.9 Armour
 + Level 2.4 Dodging
 - Level 1.5 Stealth
 + Level 20.2 Shields
 - Level 1.1 Spellcasting
 - Level 0.4 Translocations
 + Level 5.9 Evocations


You had 27 spell levels left.
You knew the following spells:

 Your Spells              Type           Power        Failure   Level  Hunger
a - Apportation           Tloc           #.....       99%         1    N/A

Your spell library contained the following spells:

 Spells                   Type           Power        Failure   Level  Hunger
 Animate Skeleton         Necr           N/A          99%         1    N/A
 Confusing Touch          Hex            #.....       99%         1    N/A
 Corona                   Hex            #......      99%         1    N/A
 Flame Tongue             Conj/Fire      #....        99%         1    N/A
 Infusion                 Chrm           #...         99%         1    N/A
 Magic Dart               Conj           #...         99%         1    N/A
 Pain                     Necr           #...         99%         1    N/A
 Shock                    Conj/Air       #...         99%         1    N/A
 Summon Butterflies       Summ           #.......     99%         1    N/A
 Summon Small Mammal      Summ           #...         99%         1    N/A
 Call Imp                 Summ           #.......     100%        2    N/A
 Corpse Rot               Necr           N/A          100%        2    N/A
 Ensorcelled Hibernation  Hex/Ice        #.....       100%        2    N/A
 Passwall                 Tmut/Erth      #.......     100%        2    N/A
 Poisonous Vapours        Pois/Air       #.....       100%        2    N/A
 Searing Ray              Conj           #.....       100%        2    N/A
 Shroud of Golubria       Chrm/Tloc      #.........   100%        2    N/A
 Song of Slaying          Chrm           #.......     100%        2    N/A
 Sticks to Snakes         Tmut           #.......     100%        2    N/A
 Swiftness                Chrm/Air       #.......     100%        2    N/A
 Throw Flame              Conj/Fire      #.....       100%        2    N/A
 Call Canine Familiar     Summ           #.......     100%        3    N/A
 Confuse                  Hex            #.......     100%        3    N/A
 Conjure Flame            Conj/Fire      #.......     100%        3    N/A
 Dazzling Spray           Conj/Hex       #.....       100%        3    N/A
 Gell's Gravitas          Tloc           #.........   100%        3    N/A
 Ignite Poison            Fire/Tmut/Pois #.......     100%        3    N/A
 Inner Flame              Hex/Fire       #.......     100%        3    N/A
 Lesser Beckoning         Tloc           #.........   100%        3    N/A
 Mephitic Cloud           Conj/Pois/Air  #.......     100%        3    N/A
 Recall                   Summ/Tloc      N/A          100%        3    N/A
 Spectral Weapon          Hex/Chrm       #.......     100%        3    N/A
 Static Discharge         Conj/Air       #.......     100%        3    N/A
 Stone Arrow              Conj/Erth      #.....       100%        3    N/A
 Summon Guardian Golem    Hex/Summ       #.......     100%        3    N/A
 Teleport Other           Tloc           #.......     100%        3    N/A
 Tukima's Dance           Hex            #.......     100%        3    N/A
 Vampiric Draining        Necr           #.........   100%        3    N/A
 Airstrike                Air            #.........   100%        4    N/A
 Animate Dead             Necr           N/A          100%        4    N/A
 Cause Fear               Hex            #.........   100%        4    N/A
 Force Lance              Conj/Tloc      #.......     100%        4    N/A
 Fulminant Prism          Conj/Hex       #.........   100%        4    N/A
 Iskenderun's Mystic Bla  Conj           #.......     100%        4    N/A
 Leda's Liquefaction      Hex/Erth       #.........   100%        4    N/A
 Passage of Golubria      Tloc           N/A          100%        4    N/A
 Petrify                  Tmut/Erth      #.......     100%        4    N/A
 Sticky Flame             Conj/Fire      #.......     100%        4    N/A
 Summon Ice Beast         Ice/Summ       #.......     100%        4    N/A
 Summon Lightning Spire   Summ/Air       #.......     100%        4    N/A
 Alistair's Intoxication  Tmut/Pois      #.......     100%        5    N/A
 Aura of Abjuration       Summ           #.........   100%        5    N/A
 Bolt of Magma            Conj/Fire/Erth #.........   100%        5    N/A
 Borgnjor's Vile Clutch   Necr/Erth      #.........   100%        5    N/A
 Fireball                 Conj/Fire      #.........   100%        5    N/A
 Irradiate                Conj/Tmut      #.........   100%        5    N/A
 Iskenderun's Battlesphe  Conj/Chrm      #.......     100%        5    N/A
 Lee's Rapid Deconstruct  Erth           #.........   100%        5    N/A
 Lightning Bolt           Conj/Air       #.........   100%        5    N/A
 Metabolic Englaciation   Hex/Ice        #.........   100%        5    N/A
 Silence                  Hex/Air        #.........   100%        5    N/A
 Summon Demon             Summ           #.........   100%        5    N/A
 Summon Forest            Summ/Tloc      #.........   100%        5    N/A
 Summon Mana Viper        Hex/Summ       #.......     100%        5    N/A
 Venom Bolt               Conj/Pois      #.........   100%        5    N/A
 Yara's Violent Unravell  Hex/Tmut       #.........   100%        5    N/A
 Bolt of Cold             Conj/Ice       #.........   100%        6    N/A
 Bolt of Fire             Conj/Fire      #.........   100%        6    N/A
 Darkness                 Hex            #.........   100%        6    N/A
 Deflect Missiles         Chrm/Air       #.........   100%        6    N/A
 Freezing Cloud           Conj/Ice/Air   #.........   100%        6    N/A
 Invisibility             Hex            #.......     100%        6    N/A
 Iron Shot                Conj/Erth      #.........   100%        6    N/A
 Ozocubu's Refrigeration  Ice            #.........   100%        6    N/A
 Shadow Creatures         Summ           N/A          100%        6    N/A
 Simulacrum               Ice/Necr       #.........   100%        6    N/A
 Haunt                    Necr/Summ      #.........   100%        7    N/A
 Malign Gateway           Summ/Tloc      #.........   100%        7    N/A
 Orb of Destruction       Conj           #.........   100%        7    N/A
 Ring of Flames           Chrm/Fire      #.........   100%        7    N/A
 Spellforged Servitor     Conj/Summ      #.........   100%        7    N/A
 Summon Hydra             Summ           #.........   100%        7    N/A
 Discord                  Hex            #.........   100%        8    N/A
 Ignition                 Fire           #.........   100%        8    N/A
 Infestation              Necr           #.........   100%        8    N/A
 Beastly Appendage        Tmut           Unusable     N/A         1    N/A
 Sublimation of Blood     Necr           Unusable     N/A         2    N/A
 Regeneration             Chrm/Necr      Unusable     N/A         3    N/A
 Spider Form              Tmut/Pois      Unusable     N/A         3    N/A
 Ice Form                 Ice/Tmut       Unusable     N/A         4    N/A
 Blade Hands              Tmut           Unusable     N/A         5    N/A
 Hydra Form               Tmut           Unusable     N/A         6    N/A
 Statue Form              Tmut/Erth      Unusable     N/A         6    N/A
 Borgnjor's Revivificati  Necr           Unusable     N/A         8    N/A
 Death's Door             Chrm/Necr      Unusable     N/A         8    N/A
 Necromutation            Tmut/Necr      Unusable     N/A         8    N/A

Dungeon Overview and Level Annotations

Branches:
Dungeon (15/15)            Temple (0/1) D:6            Lair (6/6) D:8
 Shoals (4/4) Lair:4        Snake (4/4) Lair:2        Slime (5/5) Lair:6
    Orc (2/2) D:11            Elf (3/3) Orc:2        Vaults (5/5) D:13
  Crypt (3/3) Vaults:2       Tomb (0/3) Crypt:3      Depths (5/5) D:15
   Hell (1/1)                 Zot (1/5) Depths:5
    Dis: Hell:1         Geh: Hell:1         Coc: Hell:1         Tar: Hell:1

Altars:
Ashenzari
Cheibriados
Dithmenos
Elyvilon
Gozag
Hepliaklqana
Kikubaaqudgha
Makhleb
Nemelex Xobeh
Qazlal
Ru
Sif Muna
Vehumet
Yredelemnul
Beogh
Jiyva

Shops:
D:6 :   D:7 *   D:10 (*(   D:14 (   Orc:2 }[}}}   Elf:1 *(!   Elf:3 ?}==
Snake:1 :[=[   Depths:2 =   Depths:5 [

Portals:
Hell: Depths:1 Depths:2 Depths:3 Depths:4 Depths:5
Abyss: Depths:1 Depths:4
Pandemonium: Depths:2 Depths:3 Depths:4
Ziggurat: Depths:5

Annotations:
Elf:1 2 transporters
Hell Geryon


Innate Abilities, Weirdness & Mutations

You do not eat or drink.
Your flesh is vulnerable to fire.
You are immune to poison.
Your flesh is cold resistant. (rC+)
You are immune to negative energy. (rN+++)
You are immune to unholy pain and torment.
You can survive without breathing.
You are strongly in touch with the powers of death.


Message History

You block the golden dragon's attack. x3
Unknown command.
Unknown command.
Unknown command.
You hit the golden dragon.
The golden dragon is lightly wounded.
The golden dragon bites you!!
* * * LOW HITPOINT WARNING * * *
The golden dragon claws you but does no damage.
You block the golden dragon's attack.
Unknown command.
Unknown command.
Unknown command.
You block the golden dragon's attack.
The golden dragon claws you but does no damage.
The golden dragon tramples you but does no damage.
The black draconian monk rages.
The golden dragon bites you!!
You die...
Your body crumbles into a pile of gold.

################
#........q.....#
#.......ydD@...#
#..##$$..##...##
#$#####...# ...
+....# .....
#...## #.....
#...# #.....
$#.... $#..##.
##'### #.. #.


You could see a black draconian monk (berserk), a golden dragon (berserk), a
purple draconian (berserk) and a moth of wrath.

Vanquished Creatures
  the Royal Jelly (Slime:5)
  2 ancient liches
  Mennas (Vaults:4)
  2 juggernauts (Depths:2)
  A greater mummy (WizLab)
  The ghost of Awazaost the Conqueror, a veteran MiBe of Trog (Vaults:3)
  Sojobo (Vaults:2)
  Vashnia (Snake:4)
  Saint Roka (D:15)
  Frederick (Vaults:4)
  6 caustic shrikes
  5 golden dragons
  The ghost of Kite the Executioner, an adept MiBe of Trog (Depths:2)
  A bone dragon (Crypt:3)
  A shard shrike zombie (Crypt:1)
  14 tentacled monstrosities
  Rupert (Lair:4)
  Asterion (Elf:1)
  4 liches
  6 titans
  3 deep elf blademasters
  27 acid blobs
  A death cob (Zot:1)
  2 deep elf master archers (Elf:3)
  4 quicksilver dragons
  13 sphinxes
  An ancient champion (Crypt:1)
  4 storm dragons
  Kirke (D:15)
  Agnes (Elf:2)
  Roxanne (Snake:4)
  7 shadow dragons
  15 tengu reavers
  14 azure jellies
  13 nagarajas
  15 fire giants
  2 iron dragons
  The ghost of Wytsuu the Warrior, a journeyman MfMo of Okawaru (D:14)
  Ilsuiw (Shoals:3)
  13 frost giants
  3 orc warlords
  2 draconian scorchers (Zot:1)
  11 vault wardens
  7 deep elf sorcerers
  A draconian knight (Zot:1)
  2 curse skulls (Crypt:1)
  6 ghouls
  A draconian stormcaller (Depths:5)
  Louise (Shoals:3)
  4 deep elf elementalists (Elf:3)
  4 draconian annihilators
  2 spriggan defenders
  22 stone giants
  A stone giant (shapeshifter) (Depths:4)
  15 ironheart preservers
  4 cacodemons (Depths:2)
  9 war gargoyles
  A juggernaut skeleton (Depths:2)
  40 very ugly things
  8 vampire knights
  4 entropy weavers
  An entropy weaver (shapeshifter) (Vaults:5)
  4 black draconians
  12 deep elf demonologists
  Azrael (D:13)
  11 spark wasps
  A white draconian (Depths:5)
  9 deep elf annihilators
  2 yellow draconians (Depths:5)
  2 purple draconians (Zot:1)
  Snorg (Lair:3)
  A green draconian (Zot:1)
  13 deep elf death magi
  3 crystal guardians (Crypt:3)
  5 merfolk javelineers
  10 death oozes
  3 mummy priests
  13 merfolk impalers
  21 ettins
  Josephine (D:12)
  2 jiangshi (Crypt:1)
  16 yaktaur captains
  10 deep elf high priests
  12 great orbs of eyes
  30 vault guards
  11 ice dragons
  13 fire dragons
  5 rakshasas
  A hell beast (Depths:3)
  8 hydras
  18 naga warriors
  3 death knights
  3 spriggan air magi
  Erolcha (D:10)
  9 anacondas
  4 catoblepae
  2 merfolk aquamancers
  6 merfolk avatars
  7 satyrs
  15 ogre magi
  41 two-headed ogres
  19 centaur warriors
  10 tengu warriors
  An alligator snapping turtle (Shoals:1)
  2 queen ants
  4 titan zombies
  9 death yaks
  13 deep troll shamans
  5 hell hogs
  19 naga sharpshooters
  11 deep troll earth magi
  7 vampire magi
  7 orc high priests
  8 spriggan berserkers
  A soul eater (Hell)
  Sonja (Lair:1)
  7 shock serpents
  9 hell knights
  A storm dragon zombie (WizLab)
  A fire crab (Lair:5)
  4 iron trolls
  3 spriggans (Depths:4)
  16 deep elf knights
  A sixfirhy (Depths:4)
  5 salamander mystics
  2 shadow wraiths
  A storm dragon skeleton (Depths:2)
  An infernal demonspawn (Depths:3)
  A golden dragon zombie (Crypt:2)
  2 unseen horrors (D:14)
  28 skeletal warriors
  3 glowing orange brains
  2 wizards
  10 deep elf archers
  An unseen horror (shapeshifter) (Depths:2)
  21 sea snakes
  7 naga ritualists
  18 deep trolls
  A swamp dragon (Orc:2)
  A shadow dragon zombie (Crypt:3)
  A shadow demon (Depths:3)
  3 flayed ghosts
  14 ironbrand convokers
  7 phantasmal warriors
  An orange crystal statue (Depths:2)
  19 orc knights
  12 necromancers
  10 harpies
  A human zombie (WizLab)
  A wolf spider (shapeshifter) (Vaults:5)
  A sphinx skeleton (Crypt:2)
  5 wolf spiders
  36 fauns
  12 shining eyes
  10 mana vipers
  A fire giant zombie (WizLab)
  3 stone giant zombies
  59 deep elf magi
  8 orc sorcerers
  16 manticores
  36 ugly things
  2 oklob plants (Lair:3)
  5 moths of wrath
  14 salamanders
  7 cyclopes
  A cyclops (shapeshifter) (Vaults:4)
  5 elephants (Lair:6)
  4 water nymphs
  35 black mambas
  An eye of devastation (shapeshifter) (Depths:5)
  4 guardian serpents
  2 spriggan zombies (WizLab)
  A frost giant skeleton (Crypt:3)
  A guardian serpent (shapeshifter) (Elf:2)
  22 vault sentinels
  An iron dragon skeleton (Crypt:3)
  3 eyes of devastation
  A stone giant skeleton (Crypt:3)
  9 merfolk sirens
  5 centaur zombies
  33 naga magi
  Psyche (D:8)
  2 gargoyles (D:12)
  A torpor snail (Lair:5)
  12 spiny frogs
  An orange demon (Depths:4)
  A spiny frog (shapeshifter) (Depths:2)
  7 rime drakes
  8 komodo dragons
  10 freezing wraiths
  6 kobold demonologists
  30 yaktaurs
  A hellwing (Depths:3)
  A spriggan skeleton (Depths:2)
  2 red devils (Depths:3)
  24 merfolk
  3 guardian mummies (WizLab)
  A polar bear (shapeshifter) (Depths:1)
  A tengu conjurer (Depths:2)
  2 queen bees
  9 trolls
  A meliai (shapeshifter) (Vaults:1)
  A blink frog (shapeshifter) (Vaults:4)
  A harpy skeleton (Crypt:3)
  6 wind drakes
  3 hornets (shapeshifter)
  A tengu simulacrum (Vaults:3)
  14 hornets
  2 ettin zombies
  An ice dragon zombie (WizLab)
  17 blink frogs
  2 dream sheep (Shoals:3)
  4 bog bodies
  A deep troll zombie (WizLab)
  2 alligator zombies
  2 air elementals (Elf:2)
  20 hippogriffs
  7 snapping turtles
  148 slime creatures
  24 flying skulls
  An alligator skeleton (Crypt:3)
  16 water elementals
  3 hogs (D:15)
  A ynoxinul (Depths:4)
  3 shadows
  An ettin skeleton (Depths:2)
  2 vampires
  5 redbacks
  13 wraiths
  17 wyverns
  Eustachio (D:6)
  A human (shapeshifter) (Depths:2)
  A steam dragon (Lair:4)
  7 golden eyes
  15 fire elementals
  A wind drake skeleton (Crypt:2)
  27 yaks
  6 basilisks
  3 hungry ghosts
  A chaos spawn (Depths:3)
  6 vampire mosquitoes
  8 wargs
  2 monstrous demonspawn zombies (WizLab)
  A two-headed ogre zombie (Crypt:1)
  4 acid dragons
  A water moccasin (shapeshifter) (Depths:2)
  45 nagas
  15 soldier ants
  27 water moccasins
  5 porcupines
  31 orc warriors
  2 floating eyes
  2 hell hounds (D:13)
  A black bear (Lair:2)
  4 ice beasts
  A snapping turtle zombie (Crypt:3)
  3 phantoms
  A spiny frog skeleton (Crypt:3)
  35 ogres
  A sky beast (shapeshifter) (Depths:3)
  7 sky beasts
  6 necrophages
  3 boggarts
  11 eyes of draining
  A manticore zombie (Crypt:3)
  32 centaurs
  46 wolves
  6 big kobolds
  A rime drake zombie (Crypt:1)
  11 crocodiles
  A hog skeleton (Crypt:1)
  16 bullfrogs
  A bullfrog (shapeshifter) (Depths:2)
  A yaktaur zombie (WizLab)
  A komodo dragon zombie (Crypt:2)
  A gnoll sergeant (D:10)
  3 earth elementals
  A water moccasin zombie (D:5)
  A wyvern skeleton (D:12)
  A warg zombie (Crypt:1)
  5 scorpions
  A water moccasin skeleton (D:12)
  A scorpion (shapeshifter) (Depths:2)
  2 troll zombies (D:11)
  A yak zombie (Crypt:2)
  17 wights
  A human simulacrum (Vaults:1)
  33 killer bees
  5 electric eels
  A raiju skeleton (Crypt:1)
  10 crimson imps
  9 howler monkeys
  A quasit (D:12)
  5 bullfrog skeletons
  13 hounds
  4 jellies
  10 centaur skeletons
  13 orc priests
  7 iguanas
  26 orc wizards
  A basilisk skeleton (Crypt:1)
  23 worker ants
  2 killer bee zombies (D:7)
  6 ogre zombies (D:11)
  A bullfrog simulacrum (D:12)
  A naga skeleton (Crypt:2)
  An ogre skeleton (Crypt:1)
  A big kobold skeleton (Crypt:1)
  2 hound zombies
  3 hound skeletons
  A worker ant zombie (D:11)
  13 gnolls
  11 adders
  An adder (shapeshifter) (Depths:2)
  4 shadow imps
  A steam dragon skeleton (Crypt:1)
  2 oozes
  2 adder zombies (D:5)
  An adder skeleton (D:4)
  A worm (shapeshifter) (Depths:2)
  3 worms (D:2)
  3 dart slugs
  5 leopard geckos
  73 orcs
  5 bats
  4 giant cockroaches
  A goblin (shapeshifter) (Depths:2)
  9 hobgoblins
  12 jackals
  4 quokkas
  3 ball pythons
  3 frilled lizards
  3 goblins
  2 goblin skeletons (D:11)
  A goblin zombie (D:11)
  2 hobgoblin skeletons (D:11)
  A hobgoblin zombie (D:11)
  36 kobolds
  2 leopard gecko skeletons (D:5)
  5 orc skeletons (D:11)
  14 orc zombies (D:11)
  A quokka zombie (D:6)
  4 rats
  A butterfly (Lair:6)
  6 fungi
  35 plants
2677 creatures vanquished.

Vanquished Creatures (collateral kills)
  A merfolk (Shoals:4)
1 creature vanquished.

Vanquished Creatures (others)
  2 fire giants
  34 dancing weapons
  A deep elf knight (Elf:2)
  A deep elf archer (Elf:1)
  An ironbrand convoker (Vaults:2)
  A vault sentinel (Vaults:2)
  An air elemental (Elf:1)
  A water elemental (Elf:1)
  An orc (Depths:1)
  A bush (Lair:5)
  36 fungi
  102 plants
182 creatures vanquished.

Grand Total: 2860 creatures vanquished

Notes
Turn   | Place    | Note
-------+----------+-------------------------------------------
     0 | D:1      | Inarius the Mummy Monk began the quest for the Orb.
     0 | D:1      | Reached XP level 1. HP: 18/18 MP: 1/1
   341 | D:1      | Reached XP level 2. HP: 22/24 MP: 2/2
   953 | D:2      | Reached skill level 3 in Axes
   953 | D:2      | Reached XP level 3. HP: 22/29 MP: 3/3
  1943 | D:2      | Reached skill level 1 in Armour
  2694 | D:3      | Reached XP level 4. HP: 35/35 MP: 4/4
  3366 | D:3      | Reached XP level 5. HP: 41/42 MP: 5/5
  4041 | D:4      | Reached skill level 4 in Axes
  4240 | D:4      | Reached XP level 6. HP: 48/48 MP: 6/6
  4880 | D:5      | Entered Level 5 of the Dungeon
  5052 | D:5      | Found a sparkling altar of Nemelex Xobeh.
  5359 | D:5      | Found a stormy altar of Qazlal.
  5381 | D:5      | Found a hazy altar of Hepliaklqana.
  5381 | D:5      | Found a shadowy altar of Dithmenos.
  5432 | D:5      | Noticed a sky beast
  5436 | D:5      | Killed a sky beast
  5436 | D:5      | Reached XP level 7. HP: 55/55 MP: 7/7
  5445 | D:5      | Reached skill level 1 in Maces & Flails
  5591 | D:5      | Found an ancient bone altar of Kikubaaqudgha.
  5671 | D:5      | Found an opulent altar of Gozag.
  5824 | D:5      | Became a worshipper of Gozag Ym Sagoz the Greedy
  5917 | D:6      | Reached skill level 5 in Axes
  5918 | D:6      | Found a radiant altar of Vehumet.
  6132 | D:6      | Reached skill level 5 in Fighting
  6216 | D:6      | Found a staircase to the Ecumenical Temple.
  6255 | D:6      | Reached XP level 8. HP: 46/64 MP: 6/8
  6480 | D:6      | Found Hein's Book Shop.
  6593 | D:6      | Noticed Eustachio
  6639 | D:6      | Killed Eustachio
  6802 | D:6      | Found a shattered altar of Ashenzari.
  6823 | D:6      | Reached skill level 5 in Armour
  7897 | D:7      | Noticed a hornet
  7919 | D:7      | Killed a hornet
  7919 | D:7      | Reached skill level 6 in Axes
  8525 | D:7      | Reached XP level 9. HP: 66/71 MP: 3/9
  8620 | D:7      | Found Moihedd's General Store.
  8632 | D:7      | Bought a +6 ring of strength for 702 gold pieces
  8865 | D:7      | Found a snail-covered altar of Cheibriados.
  8872 | D:7      | Found a burning altar of Makhleb.
  9002 | D:8      | Noticed Psyche
  9010 | D:8      | Killed Psyche
  9131 | D:7      | Reached skill level 7 in Axes
  9360 | D:8      | Found a staircase to the Lair.
  9468 | D:8      | Noticed a two-headed ogre
  9481 | D:8      | Killed a two-headed ogre
  9844 | D:7      | Bought a +2 pair of boots for 198 gold pieces
  9911 | D:8      | You fall through a shaft for 2 floors!
  9911 | D:10     | Entered Level 10 of the Dungeon
  9914 | D:10     | Noticed a two-headed ogre
  9925 | D:10     | Found Zeosas's Assorted Antiques.
  9982 | D:8      | Reached XP level 10. HP: 80/80 MP: 3/10
  9994 | D:8      | Found a white marble altar of Elyvilon.
 10060 | D:8      | Reached skill level 8 in Axes
 10959 | D:10     | Killed a two-headed ogre
 10959 | D:10     | Reached skill level 9 in Axes
 11236 | D:10     | Found Binto's Antique Weapon Shop.
 11245 | D:10     | Bought an encrusted hand axe for 224 gold pieces
 11305 | D:10     | Bought 2 scrolls of identify for 116 gold pieces
 11305 | D:10     | Identified the +7 hand axe of the Candle {chop, rN+} (You
                  | bought it in a shop on level 10 of the Dungeon)
 11510 | D:10     | Noticed Erolcha
 11550 | D:10     | Killed Erolcha
 11729 | D:10     | Reached XP level 11. HP: 87/87 MP: 11/11
 11762 | D:10     | Found a stormy altar of Qazlal.
 11819 | D:10     | Found Kutur's Antique Weapon Emporium.
 11912 | D:11     | Found a staircase to the Orcish Mines.
 11973 | D:11     | Reached skill level 1 in Evocations
 12002 | D:11     | Reached skill level 10 in Axes
 13000 | D:11     | Found a portal to a secret trove of treasure.
 13528 | D:11     | Noticed a five-headed hydra
 13974 | D:10     | Bought a shiny buckler for 217 gold pieces
 14306 | D:12     | Noticed a two-headed ogre
 14325 | D:12     | Killed a two-headed ogre
 14715 | D:12     | Noticed a four-headed hydra
 14788 | D:12     | Killed a four-headed hydra
 14788 | D:12     | Reached skill level 11 in Axes
 15073 | D:12     | Reached skill level 10 in Fighting
 15239 | D:12     | Noticed a red ugly thing
 15383 | Lair:1   | Entered Level 1 of the Lair of Beasts
 15394 | D:8      | Reached XP level 12. HP: 91/97 MP: 10/12
 15415 | Lair:1   | Reached skill level 1 in Shields
 15842 | Lair:1   | Got a bloodstained ring mail
 15858 | Lair:1   | Identified the cursed +0 ring mail "Xacluemm" {Int+7 Dex+4}
                  | (You found it on level 1 of the Lair of Beasts)
 16087 | Lair:1   | Noticed Sonja
 16092 | Lair:1   | Killed Sonja
 17016 | Lair:2   | Found a staircase to the Snake Pit.
 17025 | Lair:2   | Reached skill level 12 in Axes
 17903 | Lair:2   | Noticed a six-headed hydra
 17914 | Lair:2   | Killed a two-headed hydra
 18320 | D:11     | Killed a one-headed hydra
 18665 | Lair:3   | Reached skill level 10 in Armour
 18825 | Lair:3   | Gained mutation: You are in touch with the powers of death.
                  | [Mummy growth]
 18825 | Lair:3   | Reached XP level 13. HP: 94/106 MP: 12/14
 19112 | Lair:3   | Noticed Snorg
 19725 | Lair:3   | Killed Snorg
 21025 | Lair:4   | Noticed Rupert
 21153 | Lair:4   | Found a staircase to the Shoals.
 21211 | Lair:4   | Killed Rupert
 22168 | Lair:4   | Reached skill level 13 in Axes
 24799 | Lair:4   | Reached XP level 14. HP: 103/115 MP: 12/15
 25228 | Lair:5   | Noticed an entropy weaver
 25244 | Lair:5   | Killed an entropy weaver
 25424 | Lair:5   | Noticed an entropy weaver
 25436 | Lair:5   | Killed an entropy weaver
 25961 | Lair:6   | Entered Level 6 of the Lair of Beasts
 26029 | Lair:6   | Found a viscous altar of Jiyva.
 26070 | Lair:6   | Found a staircase to the Slime Pits.
 27232 | Lair:6   | Reached skill level 14 in Axes
 27368 | Lair:6   | Identified the +12 scimitar "Sopibraa" {venom, rPois Dex+3}
                  | (You found it on level 6 of the Lair of Beasts)
 29639 | D:12     | Reached XP level 15. HP: 115/122 MP: 16/18
 30073 | D:12     | Noticed Josephine
 30091 | D:12     | Killed Josephine
 30265 | D:12     | Identified the +5 hand crossbow of the Thoughtful Demons
                  | {elec, rElec rF+}
 30309 | D:12     | Identified the ring of the Cricket {Str+9 Stlth-}
 30622 | Orc:1    | Entered Level 1 of the Orcish Mines
 30666 | Orc:1    | Found a roughly hewn altar of Beogh.
 31103 | Orc:2    | Entered Level 2 of the Orcish Mines
 31301 | Orc:2    | Noticed Urug
 31310 | Orc:2    | Noticed Urug
 31310 | Orc:2    | Urug changed into Urug the shock serpent
 31312 | Orc:2    | Noticed Urug
 31312 | Orc:2    | Urug the shock serpent changed into Urug the swamp dragon
 31457 | Orc:2    | Killed Urug the swamp dragon
 31930 | Orc:2    | Found a staircase to the Elven Halls.
 32005 | Orc:2    | Noticed an orc warlord
 32230 | Orc:2    | Killed an orc warlord
 33459 | Orc:2    | Found Qicocuh's Gadget Boutique.
 33459 | Orc:2    | Found Xois's Gadget Emporium.
 33462 | Orc:2    | Found Hessawupn's Gadget Boutique.
 33462 | Orc:2    | Found Deyrej's Gadget Emporium.
 33477 | Orc:2    | Bought a wand of clouds (4) for 288 gold pieces
 33477 | Orc:2    | Bought a wand of iceblast (8) for 144 gold pieces
 33480 | Orc:2    | Bought a wand of acid (7) for 264 gold pieces
 33480 | Orc:2    | Bought a wand of clouds (3) for 252 gold pieces
 33485 | Orc:2    | Bought a wand of clouds (4) for 264 gold pieces
 33485 | Orc:2    | Bought a wand of iceblast (9) for 143 gold pieces
 33490 | Orc:2    | Bought the +9 scales of the Dragon King {rPois rF+ rC+ MR+}
                  | for 4368 gold pieces
 33490 | Orc:2    | Found the +9 scales of the Dragon King {rPois rF+ rC+ MR+}
 33739 | D:13     | Noticed Azrael
 33759 | D:13     | Killed Azrael
 34003 | D:13     | Reached skill level 5 in Shields
 34521 | D:13     | Found a gate to the Vaults.
 34538 | D:13     | Reached skill level 15 in Axes
 34865 | Orc:2    | Bought a scorched cloak for 332 gold pieces
 34876 | Orc:2    | Identified the +2 cloak of a sewer {rF- rC++ rN+ Slay+2}
                  | (You bought it in a shop on level 2 of the Orcish Mines)
 35545 | D:14     | Found Hanomi's Weapon Emporium.
 35720 | D:14     | Reached XP level 16. HP: 131/131 MP: 19/19
 35815 | D:14     | Found a transporter.
 35869 | D:14     | Noticed Wytsuu's ghost (journeyman MfMo)
 36062 | D:14     | Found a transporter.
 36242 | D:15     | Entered Level 15 of the Dungeon
 36536 | D:15     | Found a staircase to the Depths.
 37033 | D:15     | Found a sparkling altar of Nemelex Xobeh.
 37284 | D:15     | Noticed Kirke
 37308 | D:15     | Killed Kirke
 37462 | D:15     | Found a sacrificial altar of Ru.
 37508 | D:15     | Upgraded the game from 0.24-a0-57-gac335f2 to
                  | 0.24-a0-67-ga78bd38
 37680 | Snake:1  | Entered Level 1 of the Snake Pit
 38263 | Snake:1  | Found Imebbioxe's Antique Armour Boutique.
 38265 | Snake:1  | Found Coqoc's Jewellery Boutique.
 38265 | Snake:1  | Found Zuomyclo's Antique Armour Shop.
 38268 | Snake:1  | Found Nougiub's Book Shop.
 38292 | Snake:1  | Bought the +3 crown of Dyrovepreva {rElec Int+2 SInv} for
                  | 1490 gold pieces
 38292 | Snake:1  | Found the +3 crown of Dyrovepreva {rElec Int+2 SInv}
 40230 | Snake:3  | Reached XP level 17. HP: 85/139 MP: 16/20
 40856 | Snake:3  | Reached skill level 16 in Axes
 41744 | Shoals:1 | Entered Level 1 of the Shoals
 42142 | Orc:2    | Bought a wand of flame (26) for 168 gold pieces
 42142 | Orc:2    | Bought a wand of flame (13) for 90 gold pieces
 42145 | Orc:2    | Bought a wand of flame (24) for 156 gold pieces
 43238 | Shoals:2 | Reached skill level 10 in Shields
 44230 | Shoals:3 | Found a basalt altar of Yredelemnul.
 44498 | Shoals:3 | Noticed Louise
 45223 | Shoals:3 | Killed Louise
 45223 | Shoals:3 | Reached XP level 18. HP: 119/148 MP: 17/21
 45622 | D:11     | You paid a toll of a +6 demon trident to enter a treasure
                  | trove
 45623 | Trove    | Entered a treasure trove
 45630 | Trove    | Got a faintly humming plate armour
 45670 | Trove    | Got a jacinth-encrusted chain mail
 45707 | D:11     | Identified the +5 plate armour of the Hills {Str+3} (You
                  | found it in a treasure trove)
 45709 | D:11     | Identified the +4 chain mail of Paranoia {rPois MR+ Slay+3}
                  | (You found it in a treasure trove)
 46189 | Shoals:4 | Entered Level 4 of the Shoals
 46363 | Shoals:4 | Reached skill level 15 in Fighting
 46560 | Shoals:4 | Reached skill level 5 in Evocations
 46720 | Shoals:4 | Got a barnacled rune of Zot
 46939 | Shoals:4 | Reached skill level 17 in Axes
 47036 | Shoals:4 | Noticed Ilsuiw
 47064 | Shoals:3 | Killed Ilsuiw
 48403 | Snake:4  | Entered Level 4 of the Snake Pit
 48523 | Snake:4  | Identified Roxanne's Disquisition on Shape Shifting
 48523 | Snake:4  | Noticed Roxanne
 48883 | Snake:4  | Noticed Vashnia
 48950 | Snake:4  | Killed Vashnia
 49701 | Snake:4  | Reached XP level 19. HP: 104/155 MP: 19/22
 49754 | Snake:4  | Reached skill level 18 in Axes
 50280 | Snake:4  | Got a serpentine rune of Zot
 51058 | Snake:4  | Killed Roxanne
 51595 | Vaults:1 | Entered Level 1 of the Vaults
 52992 | Elf:1    | Entered Level 1 of the Elven Halls
 53017 | Elf:1    | Noticed Asterion
 53044 | Elf:1    | Killed Asterion
 53247 | Elf:1    | Found a transporter.
 53272 | Elf:1    | Found a transporter.
 53442 | Elf:1    | Found a transporter.
 53445 | Elf:1    | Got a wavering pewter ring
 53446 | Elf:1    | Identified the ring "Riral" {*Tele MP+9 Slay+3 SInv} (You
                  | found it on level 1 of the Elven Halls)
 53451 | Elf:1    | Found Erexkuokh's Distillery.
 53496 | Elf:1    | Found a transporter.
 53496 | Elf:1    | Found a transporter.
 53518 | Elf:1    | Found Biurasenet's General Store.
 53804 | Elf:1    | Identified the Compendium of Companions
 53983 | Elf:1    | Found Elydeh's Antique Weapon Boutique.
 54195 | Elf:2    | Noticed Agnes
 54215 | Elf:2    | Killed Agnes
 54368 | Elf:2    | Found a runed translucent gate.
 54368 | Elf:2    | Found a runed translucent gate.
 54371 | Elf:2    | Found a runed translucent gate.
 54411 | Elf:2    | Reached XP level 20. HP: 136/166 MP: 21/24
 54643 | Elf:2    | Reached skill level 19 in Axes
 54835 | Elf:2    | Identified the +7 chain mail of Darkness {rN+ Dex+3 SInv
                  | Stlth+} (You found it on level 2 of the Elven Halls)
 54870 | Elf:2    | Got a fine steel amulet
 56963 | Vaults:2 | Noticed Sojobo
 57624 | Vaults:2 | Found a basalt altar of Yredelemnul.
 57629 | Vaults:2 | Found a staircase to the Crypt.
 57630 | Vaults:2 | Found an ancient bone altar of Kikubaaqudgha.
 58000 | Vaults:2 | Killed Sojobo
 59250 | Vaults:3 | Reached XP level 21. HP: 174/174 MP: 25/25
 59693 | Vaults:3 | Reached skill level 20 in Axes
 60139 | Vaults:3 | Found a runed translucent door.
 60143 | Vaults:3 | Noticed Awazaost's ghost (veteran MiBe)
 60795 | Vaults:4 | Noticed Mennas
 60824 | Vaults:4 | HP: 4/175 [Mennas/+4 eudemon blade of holy wrath (33)]
 61353 | Vaults:4 | Noticed Frederick
 61364 | Vaults:4 | Killed Frederick
 62055 | Vaults:4 | Identified a +0 pair of boots of running (You found it on
                  | level 4 of the Vaults)
 62221 | Vaults:4 | Killed Mennas
 63056 | Depths:1 | Entered Level 1 of the Depths
 63056 | Depths:1 | Found a one-way gate to the infinite horrors of the Abyss.
 63311 | Depths:1 | Noticed Saint Roka
 63340 | D:15     | Killed Saint Roka
 64034 | Depths:1 | Reached skill level 15 in Shields
 64595 | Depths:1 | Reached XP level 22. HP: 184/184 MP: 26/26
 64647 | Depths:1 | Found a gateway to Hell.
 64948 | Depths:2 | Found a one-way gate leading to the halls of Pandemonium.
 65114 | Depths:2 | Found a magical portal.
 65172 | WizLab   | Entered Doroklohe's Tomb
 65546 | WizLab   | Noticed a greater mummy
 65574 | WizLab   | Killed a greater mummy
 65574 | WizLab   | Reached skill level 21 in Axes
 66079 | Depths:2 | Noticed a golden dragon
 66114 | Depths:2 | Noticed a golden dragon
 66141 | Depths:2 | Found a runed translucent gate.
 66141 | Depths:2 | Found a runed translucent gate.
 66141 | Depths:2 | Found a runed translucent gate.
 66296 | Depths:2 | Found a runed translucent gate.
 66296 | Depths:2 | Found a runed translucent gate.
 66296 | Depths:2 | Noticed Kite's ghost (adept MiBe)
 66298 | Depths:2 | Found a runed translucent gate.
 68084 | Depths:2 | Identified the amulet "Ludunisi" {Harm *Drain rC- rN+++
                  | Int-5 Stlth+} (You found it on level 2 of the Elven Halls)
 68134 | Depths:2 | Noticed a golden dragon
 68152 | Depths:2 | Killed a golden dragon
 68430 | Depths:2 | Noticed a juggernaut
 68431 | Depths:2 | Noticed a juggernaut
 68437 | Depths:2 | Reached XP level 23. HP: 144/192 MP: 21/27
 68437 | Depths:2 | Noticed a caustic shrike
 68443 | Depths:2 | Identified the ring of the Pariah {rCorr *Corrode Int+7}
 69123 | Depths:2 | Killed a juggernaut
 69207 | Depths:2 | Killed a juggernaut
 69511 | Depths:2 | Noticed a caustic shrike
 69847 | Depths:2 | Killed a caustic shrike
 69886 | Depths:2 | Killed a caustic shrike
 70403 | Depths:3 | Noticed a caustic shrike
 70405 | Depths:3 | Noticed a caustic shrike
 70405 | Depths:3 | Noticed a caustic shrike
 70406 | Depths:3 | Noticed a caustic shrike
 70671 | Depths:2 | Killed a caustic shrike
 70915 | Depths:2 | Killed a caustic shrike
 71004 | Depths:2 | Killed a caustic shrike
 71755 | Depths:3 | Killed a caustic shrike
 71755 | Depths:3 | Reached skill level 22 in Axes
 73074 | Depths:4 | Reached XP level 24. HP: 172/202 MP: 27/27
 73489 | Snake:1  | Bought a shimmering crystal plate armour for 2975 gold
                  | pieces
 73499 | Snake:1  | Identified the cursed +1 crystal plate armour of the Amoeba
                  | {+Blink rCorr Str+3} (You bought it in a shop on level 1 of
                  | the Snake Pit)
 73686 | Orc:2    | Bought a fine crystal plate armour for 2975 gold pieces
 73696 | Orc:2    | Identified the +10 crystal plate armour of the Scribe
                  | {Str-2 Slay+4} (You bought it in a shop on level 2 of the
                  | Orcish Mines)
 76190 | Crypt:1  | Entered Level 1 of the Crypt
 76560 | Crypt:1  | Identified the Disquisition on Shifting Attacks
 77051 | Crypt:1  | Found a deep blue altar of Sif Muna.
 77074 | Crypt:1  | Identified the amulet of Entrepreneurial Spirit {RegenMP
                  | rF+++}
 77442 | Crypt:2  | Reached skill level 23 in Axes
 77949 | Crypt:3  | Entered Level 3 of the Crypt
 78024 | Crypt:3  | Reached XP level 25. HP: 212/212 MP: 27/27
 78341 | Crypt:3  | Noticed an ancient lich
 78361 | Crypt:3  | Killed an ancient lich
 78474 | Crypt:3  | Found a basalt altar of Yredelemnul.
 78519 | Crypt:3  | Identified the amulet "Damp" {Regen+ Str-2 Int+2 Dex+3
                  | Slay+3} (You found it on level 3 of the Crypt)
 78520 | Crypt:3  | Identified the ring "Maut" {rF+ rN+ Dex+3} (You found it on
                  | level 3 of the Crypt)
 78521 | Crypt:3  | Identified the ring "Zitrib" {rC+ rN+ Int+7 Stlth-} (You
                  | found it on level 3 of the Crypt)
 78945 | Crypt:3  | Found a staircase to the Tomb.
 78946 | Crypt:3  | Found the +12 Vampire's Tooth {vamp}
 79858 | Elf:3    | Entered Level 3 of the Elven Halls
 79858 | Elf:3    | Found Quhes's Magic Scroll Shop.
 79870 | Elf:3    | Bought a scroll of acquirement for 936 gold pieces
 80026 | Elf:3    | Found Asotyso's Gadget Shoppe.
 80026 | Elf:3    | Found Xenyn's Jewellery Shop.
 80027 | Elf:3    | Found Sufol's Jewellery Shop.
 80039 | Elf:3    | Bought a wand of acid (8) for 384 gold pieces
 80039 | Elf:3    | Bought a wand of iceblast (8) for 192 gold pieces
 81227 | Elf:3    | Reached skill level 15 in Armour
 81333 | Elf:3    | Identified the +11 flail of the Many Scars {freeze, +Fly
                  | rElec Str+7}
 81371 | Elf:3    | Identified the +6 falchion of Diet Blood {slice, +Rage
                  | Str+2 Dex+5}
 81912 | Elf:3    | Identified the ring "Fanarr Onuhu" {*Tele rC++}
 82215 | Elf:3    | Identified the +0 helmet of the Little Devil {rPois rC++
                  | Int-4 Stlth+} (You found it on level 3 of the Elven Halls)
 82722 | Depths:5 | Entered Level 5 of the Depths
 83117 | Depths:5 | Found a gateway to a ziggurat.
 83343 | Depths:5 | Found a gate to the Realm of Zot.
 83681 | Depths:5 | Bought a brightly glowing helmet for 275 gold pieces
 83681 | Depths:5 | Bought a bloodstained cloak for 275 gold pieces
 83681 | Depths:5 | Identified the +0 cloak of Tender Moments {SInv} (You
                  | bought it in a shop on level 5 of the Depths)
 83682 | Depths:5 | Identified the +1 helmet "Ixkycu Puer" {Int+4} (You bought
                  | it in a shop on level 5 of the Depths)
 83972 | Vaults:5 | Entered Level 5 of the Vaults
 83981 | Vaults:5 | Gained mutation: You are strongly in touch with the powers
                  | of death. [Mummy growth]
 83981 | Vaults:5 | Reached XP level 26. HP: 217/222 MP: 27/27
 84119 | Vaults:5 | Reached skill level 24 in Axes
 84389 | Vaults:5 | Identified the cursed +3 battleaxe "Ciyriumn" {freeze,
                  | Dex+2}
 85149 | Vaults:5 | Identified the ring of Eternity {Int+4 Dex+2 Stlth+} (You
                  | found it on level 5 of the Vaults)
 85738 | Vaults:5 | Identified the +1 broad axe of the Lame Duck {chop, rElec
                  | MR++}
 85981 | Vaults:5 | Identified the Papyrus of Burning Changing
 86697 | Vaults:5 | Identified the +1 short sword of Igatoe {flame, rC+}
 86708 | Vaults:5 | Noticed an ancient lich
 86737 | Vaults:5 | Killed an ancient lich
 86818 | Vaults:5 | Got a silver rune of Zot
 87446 | D:14     | Reached XP level 27. HP: 135/231 MP: 27/27
 87466 | D:14     | Killed Wytsuu's ghost
 87622 | D:14     | Identified Sif Muna's Almanac of Warped Necromancy
 87697 | D:14     | Identified a ring "Vibocof" {rPois rC+ Int+2 Slay+3} (You
                  | found it on level 14 of the Dungeon)
 87930 | Elf:1    | Identified the +2 pair of boots of Jiajiogui {rN+} (You
                  | found it on level 1 of the Elven Halls)
 88320 | Vaults:3 | Killed Awazaost's ghost
 88708 | Depths:2 | Killed Kite's ghost
 88787 | Depths:2 | Learned a level 1 spell: Apportation
 89116 | Depths:2 | Got a pair of transparent gloves
 89129 | Depths:2 | Identified the +2 pair of gloves "Jugozey" {rElec rPois
                  | MP+9 Str-5} (You found it on level 2 of the Depths)
 89516 | Slime:1  | Entered Level 1 of the Pits of Slime
 89696 | Slime:1  | Reached skill level 1 in Spellcasting
 90130 | Slime:1  | Reached skill level 25 in Axes
 90272 | Slime:2  | Paralysed by a floating eye for 4 turns
 92254 | Slime:5  | Entered Level 5 of the Pits of Slime
 92803 | Slime:5  | Noticed the Royal Jelly
 92860 | Slime:5  | Found a viscous altar of Jiyva.
 92926 | Slime:5  | Killed the Royal Jelly
 93444 | Slime:5  | Found the +10 Black Knight's horse barding {ponderous,
                  | rPois rN+}
 93536 | Slime:5  | Identified the ring "Xiaqegi" {*Corrode rN+ Str+4 Int+3
                  | Slay+2} (You found it on level 5 of the Pits of Slime)
 93564 | Slime:5  | Got a slimy rune of Zot
 93965 | Depths:1 | Upgraded the game from 0.24-a0-67-ga78bd38 to
                  | 0.24-a0-70-gf44d0c5
 93966 | Hell     | Entered the Vestibule of Hell
 93993 | Hell     | Noticed Geryon
 94208 | Zot:1    | Entered Level 1 of the Realm of Zot
 94433 | Zot:1    | Noticed an orb of fire
 94512 | Zot:1    | Mangled by a golden dragon

Vault maps used:
D:1:      dpeg_arrival_rooms_b
D:3:      first_ration, corexii_leaking_fountain
D:5:      lemuel_doored_altar, kennysheep_mini_moat,
          chequers_temple_overflow_statue_of_worship,
          nemelex_xobeh_ov_fountains_minmay
D:6:      lemuel_coloured_pillars_altar, lemuel_crystal_altar,
          minmay_temple_entry_stoned_glass, serial_shops, kennysheep_little_box,
          uniq_eustachio
D:7:      amethyst_overflow_temple_binary, serial_shops, shop,
          kennysheep_generic_room_9
D:8:      elyvilon_altar_3, lair_entry_dummy, uniq_psyche
D:10:     serial_park, serial_park_gazebo, serial_park_avenue1,
          serial_park_tiny_1, serial_shops, shop, nicolae_shop_stone, shop,
          uniq_erolcha
D:11:     zombieorc2_lemuel, enter_trove_1
D:12:     minmay_spiral_squares, david_nohive_1, minivault_11, uniq_josephine
D:13:     skrybe_vaults_entry_preservation, uniq_azrael
D:14:     chequers_jeans, gammafunk_ghost_berserking_beasts, serial_shops,
          shop_fountains
D:15:     grunt_enter_depths_giant_problem, hangedman_ru_absence, basic_altar,
          uniq_kirke
Lair:1:   special_room, gauntlet_entry_generic, grunt_forest_large_clearings,
          grunt_megastairs_3, uniq_sonja
Lair:2:   beast_lair_carwin_large_1, minmay_snake_entry_six_corridors
Lair:3:   minmay_lair_oklob_chamber, uniq_snorg
Lair:4:   minmay_shoals_entry_lonely_mermaid, st_stairs_11, uniq_rupert
Lair:5:   special_room, zaba_antful_of_joy
Lair:6:   hangedman_lair_tendril_chambers, slime_altar_1, lemuel_fruit_fields,
          serial_bayou_shore_b
Shoals:3: lemuel_altar_in_water, uniq_louise
Shoals:4: shoals_end_grunt_garden, shoals_ilsuiw_alternative
Snake:1:  serial_bayou_lagoon_a, minmay_shoptagon
Snake:2:  serial_bayou_lagoon_b
Snake:3:  guppyfry_snake_island, serial_bayou_shore_a
Snake:4:  snake_pit, uniq_vashnia, uniq_roxanne
Slime:1:  cheibrodos_slime_lost_civilization_10
Slime:2:  nicolae_slime_round_cave
Orc:1:    basic_altar
Orc:2:    grunt_orc_tribal_feast, uniq_urug
Elf:1:    gammafunk_the_bubble, serial_shops, shop, shop_fountains, shop,
          minmay_elf_demonology, statue_in_the_mist_lemuel,
          nicolae_elf_big_sculpture_2, roderic_roman_lattice, uniq_asterion
Elf:2:    uniq_agnes
Elf:3:    minmay_elf_hall_not_hex, serial_shops, nicolae_shop_statue_plus,
          dk_noncrumbling_2, minmay_misc_feat_cross, minmay_shop_grove
Vaults:1: ontoclasm_vaults_hangar, vaults_dpeg_diagonal, grunt_vaults_bifocal,
          v_alt_pattern_2, ontoclasm_vaults_bender,
          nicolae_vaults_mini_display_case, vaults_mumra_chevron_long, v_misc_9,
          ontoclasm_vaults_pinch, nicolae_vaults_rhombus_5,
          nicolae_vaults_bisected_exclaves, v_misc_24,
          nicolae_vaults_network_star, ontoclasm_vaults_ligature
Vaults:2: vaults_room_pool, minmay_crypt_entry_necro_gods,
          ontoclasm_vaults_loading_screen, vaults_mumra_minichess_inversion,
          hangedman_vaults_pinch, dpeg_vaults_waves,
          nicolae_vaults_angled_halls, nicolae_vaults_little_squares_3,
          v_misc_14, grunt_vaults_hallway_short,
          hangedman_vaults_stretched_pinwheel,
          hangedman_vaults_stretched_pinwheel, v_misc_3, uniq_sojobo
Vaults:3: gammafunk_vaults_ghost_grave, v_misc_15,
          vaults_standard_mumra_enter_the_diamond, v_misc_31,
          nicolae_vaults_stairing_the_circle, nicolae_vaults_network_square,
          v_pattern_3, nicolae_vaults_rhombus_5, nicolae_vaults_shelves_hall,
          nicolae_vaults_rhombus_5, dpeg_vaults_monster_box,
          ontoclasm_vaults_gateway, ontoclasm_vaults_loading_screen
Vaults:4: nicolae_vaults_windows_and_doors_thing, grunt_vaults_diagonal,
          v_pattern_4, nicolae_vaults_gold_heap, vaults_room_door_ring,
          v_misc_24, nicolae_vaults_shelves_hall, st_check, vaults_dpeg_ring,
          uniq_mennas, uniq_frederick
Vaults:5: serial_shops
Crypt:1:  st_stairs_1, hangedman_summoners_spam
Crypt:2:  nicolae_crypt_small_crypt
Crypt:3:  cryptofortress_bobbens
Depths:1: kennysheep_boxes, abyss_entry, pf_hell_entry_tar_spiral,
          kennysheep_dice, uniq_saint_roka
Depths:2: gammafunk_depths_water_palace, infiniplex_enter_wizlab_water,
          hangedman_decor_growths, hell_entry, grunt_pan_entry_sceptre,
          ploomutoo_gammafunk_ghost_potion_laboratory, grunt_ministairs_13,
          minmay_orc_keep, firewood_loft, serial_bayou_shore_b
Depths:3: minmay_two_paths, rand_demon_pan_entry_7,
          hangedman_decor_clover_reticule, hell_entry
Depths:4: minmay_the_grid_square_5x5_4x4,
          nicolae_abyss_entry_one_way_or_another, hell_entry,
          rand_demon_pan_entry_1, minmay_misc_feat_doors,
          infiniplex_staircase_spiral_double
Depths:5: grunt_zot_entry_bicorn, enter_ziggurat_b, hell_entry,
          serial_sigils_hangedman_quiver
Hell:
Zot:1:    lemuel_draconian_sentries, layout_gridville, grunt_megastairs_4
Trove:    trove_treasure_island
WizLab:   wizlab_doroklohe

Skill      XL: |  1  2  3  4  5  6  7  8  9 10 11 12 13 14 15 16 17 18 19 20 21 22 23 24 25 26 27 |
---------------+----------------------------------------------------------------------------------+-----
Axes           | 3 4 5 6 7 9 11 12 13 14 15 16 17 18 19 20 21 22 23 24 25 | 25.6
Armour         | 1 2 3 4 5 6 7 9 10 11 12 13 14 15 | 15.9
Fighting       | 4 5 6 7 8 10 11 12 13 14 15 16 17 18 19 20 21 22 | 22.8
Maces & Flails | 1 |  1.3
Evocations     | 1 2 4 5 |  5.9
Shields        | 2 3 4 6 8 10 12 13 14 15 16 17 18 19 20 | 20.2
Spellcasting   | 1 |  1.1
Dodging        | |  2.4
Stealth        | |  1.5
Translocations | |  0.4

Action                   |  1- 3 |  4- 6 |  7- 9 | 10-12 | 13-15 | 16-18 | 19-21 | 22-24 | 25-27 || total
-------------------------+-------+-------+-------+-------+-------+-------+-------+-------+-------++-------
Melee: Hand axe          |   136 |    94 |   172 |   675 |  1747 |  1574 |       |       |       ||  4398
       Short sword       |       |    18 |     7 |       |       |       |       |       |       ||    25
       Flail             |       |    51 |   157 |    26 |       |       |       |       |       ||   234
       War axe           |       |       |   154 |   190 |   186 |       |       |       |       ||   530
       Broad axe         |       |       |       |       |       |   721 |  1843 |  1837 |  2054 ||  6455
Invok: Potion Petition   |       |       |       |       |     1 |       |     3 |       |     6 ||    10
       Call Merchant     |       |       |       |       |     1 |       |       |     1 |     1 ||     3
Evoke: Wand              |       |     2 |    11 |    26 |    30 |    95 |    29 |     7 |    10 ||   210
       Lamp of fire      |       |       |       |       |     2 |       |       |       |       ||     2
       Lightning rod     |       |       |       |       |       |       |     2 |       |       ||     2
  Use: Scroll            |       |     4 |     7 |     9 |    11 |    10 |     8 |    15 |    22 ||    86
 Stab: Sleeping          |     2 |     1 |     1 |       |       |       |       |       |       ||     4
       Paralysed         |       |       |    29 |       |       |     5 |       |       |       ||    34
       Distracted        |       |       |     1 |    10 |     9 |    14 |    18 |    18 |    11 ||    81
       Petrified         |       |       |       |       |     4 |       |       |       |       ||     4
       Confused          |       |       |       |       |       |       |     2 |       |       ||     2
       Invisible         |       |       |       |       |       |       |       |       |     2 ||     2
Armor: Ring mail         |    50 |    67 |   133 |       |       |       |       |       |       ||   250
       Chain mail        |       |       |    89 |     8 |   149 |       |       |       |       ||   246
       Plate armour      |       |       |       |   620 |   521 |       |       |       |       ||  1141
       Gold dragon scale |       |       |       |       |   221 |   955 |   655 |   990 |   675 ||  3496
Dodge: Dodged            |    78 |    94 |   377 |   349 |   380 |   214 |   201 |   260 |   199 ||  2152
Block: Buckler           |       |       |       |   132 |   384 |       |       |       |       ||   516
       Large shield      |       |       |       |       |   340 |  1788 |  1417 |  2051 |  1509 ||  7105

Table legend:
 A = Non-vault XP
 B = Vault XP
 C = Vault XP percentage of total XP
 D = Non-vault monster count
 E = Vault monster count
 F = Vault count percentage of total count
                 A         B        C        D         E       F
            +---------+---------+-------+---------+---------+-------
      Total |  818797 |  872092 |  51.6 |    1615 |    1037 |  39.1
            +---------+---------+-------+---------+---------+-------
        D:1 |      31 |       0 |   0.0 |      15 |       0 |   0.0
        D:2 |      60 |       0 |   0.0 |      20 |       0 |   0.0
        D:3 |     131 |       0 |   0.0 |      12 |       0 |   0.0
        D:4 |     311 |       0 |   0.0 |      11 |       0 |   0.0
        D:5 |     320 |       0 |   0.0 |      11 |       0 |   0.0
        D:6 |     895 |     196 |  18.0 |      23 |       1 |   4.2
        D:7 |    1367 |       0 |   0.0 |      34 |       0 |   0.0
        D:8 |    2298 |    1231 |  34.9 |      29 |       8 |  21.6
        D:9 |    1080 |       0 |   0.0 |      14 |       0 |   0.0
       D:10 |    3080 |    1265 |  29.1 |      31 |       5 |  13.9
       D:11 |    4465 |     671 |  13.1 |      37 |      35 |  48.6
       D:12 |    5612 |   15913 |  73.9 |      34 |      73 |  68.2
       D:13 |    9291 |    6830 |  42.4 |      42 |      18 |  30.0
       D:14 |   14655 |    7238 |  33.1 |      57 |      10 |  14.9
       D:15 |   12051 |   10207 |  45.9 |      23 |       7 |  23.3
     Lair:1 |     818 |    5051 |  86.1 |       4 |      40 |  90.9
     Lair:2 |    4450 |    1901 |  29.9 |      20 |      21 |  51.2
     Lair:3 |    4290 |    2279 |  34.7 |      18 |       3 |  14.3
     Lair:4 |    4834 |    6166 |  56.1 |      14 |      10 |  41.7
     Lair:5 |    7600 |   10142 |  57.2 |      21 |      45 |  68.2
     Lair:6 |   21240 |    9297 |  30.4 |      46 |      36 |  43.9
   Shoals:1 |   13061 |       0 |   0.0 |      26 |       0 |   0.0
   Shoals:2 |   18030 |       0 |   0.0 |      37 |       0 |   0.0
   Shoals:3 |   20107 |    3371 |  14.4 |      39 |       2 |   4.9
   Shoals:4 |   16287 |   22751 |  58.3 |      35 |      29 |  45.3
    Snake:1 |    9711 |       0 |   0.0 |      23 |       0 |   0.0
    Snake:2 |   25958 |       0 |   0.0 |      41 |       0 |   0.0
    Snake:3 |   33845 |    4184 |  11.0 |      55 |       5 |   8.3
    Snake:4 |   31415 |   40698 |  56.4 |      56 |      49 |  46.7
    Slime:1 |   21038 |       0 |   0.0 |      32 |       0 |   0.0
    Slime:2 |   13657 |    6785 |  33.2 |      20 |       9 |  31.0
    Slime:3 |   19051 |    1057 |   5.3 |      44 |       1 |   2.2
    Slime:4 |   18753 |       0 |   0.0 |      32 |       0 |   0.0
    Slime:5 |   12948 |   28544 |  68.8 |      31 |      10 |  24.4
      Orc:1 |    1959 |    2036 |  51.0 |      24 |       6 |  20.0
      Orc:2 |    3743 |    6352 |  62.9 |      27 |      25 |  48.1
      Elf:1 |    9996 |   15960 |  61.5 |      17 |      22 |  56.4
      Elf:2 |   22675 |   28190 |  55.4 |      40 |      32 |  44.4
      Elf:3 |   10101 |   48562 |  82.8 |      16 |      35 |  68.6
   Vaults:1 |   18294 |    8820 |  32.5 |      30 |      12 |  28.6
   Vaults:2 |   38911 |   30411 |  43.9 |      61 |      29 |  32.2
   Vaults:3 |   26345 |   34553 |  56.7 |      44 |      36 |  45.0
   Vaults:4 |    4439 |   29118 |  86.8 |       9 |      18 |  66.7
   Vaults:5 |   25571 |  153746 |  85.7 |      39 |     103 |  72.5
    Crypt:1 |   30991 |    8700 |  21.9 |      43 |      13 |  23.2
    Crypt:2 |   14724 |       0 |   0.0 |      34 |       0 |   0.0
    Crypt:3 |       0 |   63072 | 100.0 |       0 |      78 | 100.0
   Depths:1 |   37406 |    3345 |   8.2 |      50 |      13 |  20.6
   Depths:2 |   69414 |  138022 |  66.5 |      70 |      94 |  57.3
   Depths:3 |   36388 |   24559 |  40.3 |      34 |      22 |  39.3
   Depths:4 |   56030 |   49728 |  47.0 |      50 |      43 |  46.2
   Depths:5 |   27246 |   22760 |  45.5 |      18 |      14 |  43.8
       Hell |    3328 |    1925 |  36.6 |       4 |       4 |  50.0
      Zot:1 |   28496 |       0 |   0.0 |      18 |       0 |   0.0
      Trove |       0 |    1106 | 100.0 |       0 |       2 | 100.0
     WizLab |       0 |   15350 | 100.0 |       0 |      19 | 100.0
            +---------+---------+-------+---------+---------+-------
